 Dungeon Crawl Stone Soup version 0.29.1-12-g30fa7ad0bf (webtiles) character file.

Game seed: 15750466041934669256

2694 SuperSmizmar the Basher (level 9, -9/78 HPs)
             Began as a White Draconian Berserker on Dec 23, 2022.
             Was a High Priest of Trog.
             Mangled by an orc knight
             ... wielding a +0 broad axe
              (13 damage)
             ... in a bailey.
             The game lasted 01:15:01 (7977 turns).

SuperSmizmar the Basher (White Draconian Berserker) Turns: 7977, Time: 01:15:01

Health: -9/78      AC: 20    Str: 24    XL:     9   Next: 38%
Magic:  0/9        EV: 16    Int:  6    God:    Trog [*****.]
Gold:   272        SH:  0    Dex: 20    Spells: 8/8 levels left

rFire   . . .      SeeInvis .   c - +4 mace (protect)
rCold   + . .      Faith    .   (no shield)
rNeg    . . .      Spirit   +   (body armour unavailable)
rPois   .          Reflect  .   (helmet restricted)
rElec   .          Harm     .   (no cloak)
rCorr   .          Rampage  .   (no gloves)
Will    .....                   p - +1 pair of boots
Stlth   +++.......              g - amulet of guardian spirit
HPRegen 0.23/turn               k - +6 ring of dexterity
MPRegen 0.11/turn               a - +4 ring of protection

@: under a protective aura, on berserk cooldown, slowed, very slow
A: breathe frost, AC +7, unfitting armour, cold resistance 1, cold-blooded,
agile 1, subdued magic 1
a: Breathe Frost, Renounce Religion, Berserk, Trog's Hand, Brothers in Arms


You were in a bailey.
You worshipped Trog.
Trog was extremely pleased with you.
You visited 1 branch of the dungeon, and saw 7 of its levels.
You also visited: Sewer and Bailey.

You collected 376 gold pieces.
You spent 104 gold pieces at shops.

Inventory:

Hand Weapons
 c - a +4 mace of protection (weapon)
 r - a +2 long sword of freezing
 x - a +4 spear of freezing
Missiles
 h - a throwing net
 q - 10 boomerangs
Armour
 p - a +1 pair of boots (worn)
Jewellery
 a - a +4 ring of protection (right hand)
 b - a ring of see invisible
 g - an amulet of guardian spirit (around neck)
 i - a ring of resist corrosion
 k - a +6 ring of dexterity (left hand)
 v - the ring "Oray" {MP+9 Dex+6}
   (You found it on level 7 of the Dungeon)

   [ring of magical power]

   Dex:       It affects your dexterity (+6).
   MP:        It affects your magic capacity (+9).
Wands
 d - a wand of polymorph (10)
 j - a wand of iceblast (6)
 n - a wand of paralysis (9)
Scrolls
 e - 2 scrolls of fear
 l - a scroll of enchant armour
 m - a scroll of magic mapping
 s - a scroll of fog
Potions
 f - 3 potions of brilliance
 o - 2 potions of curing
 t - 2 potions of might


   Skills:
 + Level 6.6 Fighting
 + Level 3.8(6.7) Axes
 + Level 8.7(9.1) Maces & Flails
 + Level 6.5 Dodging
 + Level 3.3 Stealth


You had 8 spell levels left.
You didn't know any spells.
Your spell library was empty.

Dungeon Overview and Level Annotations

Branches:
Dungeon (7/15)             Temple (0/1) D:5           Sewer (visited)
 Bailey (1/1)

Altars:
Ashenzari
Cheibriados
Elyvilon
Gozag
Okawaru
Sif Muna
Trog
Vehumet
Zin

Shops:
D:6 ?

Annotations:
D:1 1 transporter


Innate Abilities, Weirdness & Mutations

You can breathe waves of freezing cold which knock back foes.
Your icy white scales are hard. (AC +7)
You cannot fit into any form of body armour.
Your flesh is cold resistant. (rC+)
You are cold-blooded and may be slowed by cold attacks.
You are agile. (Dex +4, Str/Int -1)
Your spells are a little easier to cast, but a little less powerful.


Message History

The orc warrior hits you with a +0 war axe!!
You barely miss the orc knight.
Your tail-slap misses the orc knight.
The orc knight is heavily wounded.
The orc knight closely misses you.
The orc warrior hits you with a +0 war axe!
You hit the orc knight.
The orc knight is heavily wounded.
You barely miss the orc knight.
You tail-slap the orc knight, but do no damage.
The orc knight is heavily wounded.
The orc knight misses you.
The orc warrior hits you with a +0 war axe!
* * * LOW HITPOINT WARNING * * *
You hit the orc knight.
The orc knight is heavily wounded.
The orc knight completely misses you.
The orc warrior hits you with a +0 war axe!
* * * LOW HITPOINT WARNING * * *
Okay, then.
You are too berserk!
You are too berserk!
You closely miss the orc knight. You tail-slap the orc knight!
The orc knight is severely wounded.
The orc knight hits you with a +0 broad axe!
* * * LOW HITPOINT WARNING * * *
You hit the orc knight but do no damage.
The orc knight is severely wounded.
The orc knight closely misses you.
The orc warrior hits you with a +0 war axe.
* * * LOW HITPOINT WARNING * * *
You sock the orc knight!
You tail-slap the orc knight, but do no damage.
The orc knight is almost dead.
You are no longer berserk.
You are exhausted.
You feel yourself slow down.
You hit the orc knight but do no damage.
The orc knight is almost dead.
The orc knight hits you with a +0 broad axe!
You die...

##.....##
#.......#
##.......##
#.........#
##....)....##
#.....⌠.....# +##
##.........##
8.88 #.........#
.....
##.....@o##......
#......ogg......
##.....##go.....
####### ....⌠..
....... .......
#...... ??...!
#!?∩!?


You could see an orc knight, 2 orc warriors, a hobgoblin and 2 goblins.

Vanquished Creatures
  A wyvern (D:7)
  2 ice beasts
  3 orc warriors (Bailey)
  A sky beast (D:4)
  3 ogres
  A phantom (D:4)
  A kobold brigand (Sewer)
  3 necrophages
  4 scorpions
  A wight (D:7)
  A howler monkey (D:6)
  2 jellies
  3 hounds
  Jessica (D:2)
  Terence (D:2)
  6 orc wizards
  10 iguanas
  Natasha (D:2)
  7 gnolls
  10 adders
  12 river rats (Sewer)
  A shadow imp (D:4)
  An ufetubus (D:6)
  2 worms (D:4)
  24 orcs
  11 ball pythons
  5 endoplasms
  4 giant cockroaches
  8 goblins
  8 hobgoblins
  16 jackals
  22 kobolds
  3 quokkas
  4 bats
  18 rats
201 creatures vanquished.

Vanquished Creatures (collateral kills)
  A white imp (D:3)
1 creature vanquished.

Grand Total: 202 creatures vanquished

Notes
Turn   | Place    | Note
-------+----------+-------------------------------------------
     0 | D:1      | SuperSmizmar the Draconian Berserker began the quest for
                  | the Orb.
     0 | D:1      | Reached XP level 1. HP: 19/19 MP: 1/1
   263 | D:1      | Reached XP level 2. HP: 19/26 MP: 2/2
  1006 | D:2      | Found a radiant altar of Vehumet.
  1088 | D:2      | Found a faded altar of an unknown god.
  1173 | D:2      | Noticed Natasha
  1182 | D:2      | Killed Natasha
  1183 | D:2      | Reached XP level 3. HP: 32/33 MP: 1/3
  1212 | D:2      | Noticed Jessica
  1224 | D:2      | Killed Jessica
  1225 | D:2      | Reached XP level 4. HP: 35/40 MP: 2/4
  1264 | D:2      | Noticed Terence
  1274 | D:2      | Killed Terence
  1344 | D:2      | Reached skill level 1 in Maces & Flails
  1568 | D:2      | Reached ** piety under Trog
  2257 | D:3      | Found an opulent altar of Gozag.
  2257 | D:3      | You fall into a shaft and drop 1 floor!
  2360 | D:4      | Reached XP level 5. HP: 47/47 MP: 5/5
  2377 | D:4      | Reached skill level 2 in Maces & Flails
  2382 | D:4      | Found a glowing drain.
  2400 | Sewer    | Entered a sewer
  2570 | Sewer    | Reached skill level 1 in Stealth
  2764 | Sewer    | Reached skill level 3 in Maces & Flails
  2812 | Sewer    | Reached XP level 6. HP: 53/53 MP: 6/6
  2838 | Sewer    | Reached *** piety under Trog
  2959 | Sewer    | Gained mutation: Your spells are a little easier to cast,
                  | but a little less powerful. [potion of mutation]
  2959 | Sewer    | Gained mutation: You are agile. (Dex +4, Str/Int -1)
                  | [potion of mutation]
  3462 | D:4      | Reached skill level 4 in Maces & Flails
  3469 | D:4      | Your scales start taking on an icy white colour.
  3469 | D:4      | Reached XP level 7. HP: 58/60 MP: 5/7
  3469 | D:4      | Gained mutation: Your flesh is cold resistant. (rC+) [White
                  | Draconian growth]
  3692 | D:4      | Reached **** piety under Trog
  3693 | D:4      | Reached skill level 5 in Fighting
  3693 | D:4      | Reached skill level 5 in Maces & Flails
  4097 | D:4      | Found a bloodstained altar of Trog.
  4194 | D:4      | Found a white marble altar of Elyvilon.
  4324 | D:4      | Reached skill level 5 in Dodging
  4999 | D:5      | Entered Level 5 of the Dungeon
  5037 | D:5      | Reached skill level 6 in Maces & Flails
  5037 | D:5      | Reached XP level 8. HP: 69/69 MP: 8/8
  5056 | D:5      | Found a glowing silver altar of Zin.
  5685 | D:5      | Found an iron altar of Okawaru.
  6068 | D:5      | Found a staircase to the Ecumenical Temple.
  6248 | D:6      | Reached skill level 7 in Maces & Flails
  6449 | D:6      | Found Zyoheng's Magic Scroll Emporium.
  6685 | D:6      | Bought a scroll of identify for 22 gold pieces
  6685 | D:6      | Bought a scroll of enchant weapon for 82 gold pieces
  6798 | D:6      | Found a broken altar of Ashenzari.
  6972 | D:6      | Reached XP level 9. HP: 75/75 MP: 9/9
  7469 | D:7      | Identified the ring "Oray" {MP+9 Dex+6}
  7572 | D:7      | Reached skill level 8 in Maces & Flails
  7578 | D:7      | Reached ***** piety under Trog
  7682 | D:7      | Found a snail-covered altar of Cheibriados.
  7683 | D:7      | Found a shimmering blue altar of Sif Muna.
  7727 | D:7      | Found a flagged portal.
  7740 | Bailey   | Entered a bailey
  7957 | Bailey   | Noticed an orc knight
  7975 | Bailey   | HP: 5/117 [orc warrior/+0 war axe (5)]
  7977 | Bailey   | Mangled by an orc knight

Illustrated notes

Levels and vault maps discovered:
D:1:      spicycebolla_arrival_transporter_tutorial, layout_loops_ring,
          serial_park_tiny_1
D:2:      layout_loops_cross, nicolae_ecumenical_lake_church, basic_altar,
          uniq_jessica, uniq_natasha, uniq_terence
D:3:      layout_basic, mainiacjoe_overflow_24_doors
D:4:      layout_basic, mainiacjoe_overflow_cross_hatched, kennysheep_mini_moat,
          portal_sewer_entry_a, minmay_misc_feat_hallway,
          kennysheep_minor_cross, kennysheep_generic_room_15
D:5:      layout_basic, mainiacjoe_overflow_alcove_1,
          mainiacjoe_overflow_boulevard, minmay_temple_entry_enclosed_plants,
          nicolae_figureground_sparkle
D:6:      layout_cave_pods, overflow_temple_1_default, serial_shops,
          shop_statue, minmay_pentangle
D:7:      layout_layer_cave, mainiacjoe_overflow_divided_tiny, enter_bailey_2,
          serial_shops, nicolae_take_the_stairs
Bailey:   bailey_axe_minmay_hex_keep, bailey

Skill      XL: |  1  2  3  4  5  6  7  8  9 |
---------------+----------------------------+-----
Dodging        | 3 4 5 6 |  6.5
Fighting       | 4 5 6 |  6.6
Maces & Flails | 1 3 4 6 7 8 |  8.7
Stealth        | 1 2 3 |  3.3
Axes           | |  3.8

Action                   |  1- 3 |  4- 6 |  7- 9 || total
-------------------------+-------+-------+-------++-------
Melee: Hand axe          |    31 |       |       ||    31
       Tailslap          |     6 |    23 |    55 ||    84
       Mace              |    33 |   240 |   383 ||   656
       Punch             |       |     1 |     8 ||     9
Invok: Berserk           |       |     1 |     1 ||     2
  Use: Potion            |     4 |     8 |     3 ||    15
       Scroll            |       |     4 |     9 ||    13
 Stab: Sleeping          |       |       |     4 ||     4
Armor: Skin              |    30 |   157 |   144 ||   331
Dodge: Dodged            |    51 |   244 |   295 ||   590
